 Dungeon Crawl Stone Soup version 0.26.1 (webtiles) character file.

Game seed: 15656618735812033582

30 pkoi the Chopper (level 3, -3/30 HPs)
             Began as a Minotaur Gladiator on Feb 6, 2021.
             Slain by a gnoll
             ... wielding a +0 spear
              (6 damage)
             ... on level 2 of the Dungeon.
             The game lasted 00:00:30 (1075 turns).

pkoi the Chopper (Minotaur Gladiator)               Turns: 1075, Time: 00:00:31

Health: -3/30      AC:  3    Str: 19    XL:     3   Next: 5%
Magic:  2/2        EV: 12    Int:  5    God:
Gold:   39         SH:  0    Dex: 11    Spells: 2/2 levels left

rFire    . . .     SeeInvis .   a - +0 war axe
rCold    . . .     Faith    .   (no shield)
rNeg     . . .     Spirit   .   b - +0 leather armour
rPois    .         Reflect  .   c - +0 hat
rElec    .         Harm     .   (no cloak)
rCorr    .         Rampage  .   (no gloves)
Will     .....                  (no boots)
Stlth    +.........             (no amulet)
HPRegen  0.10/turn              (no ring)
MPRegen  0.08/turn              (no ring)

@: no status effects
A: retaliatory headbutt, horns 2
a: no special abilities


You were on level 2 of the Dungeon.
You visited 1 branch of the dungeon, and saw 2 of its levels.

You collected 39 gold pieces.

Inventory:

Hand Weapons
 a - a +0 war axe (weapon)
Missiles
 d - 3 throwing nets (quivered)
Armour
 b - a +0 leather armour (worn)
 c - a +0 hat (worn)
Scrolls
 h - a scroll of enchant weapon {unknown}
 i - a scroll of teleportation {unknown}
Potions
 e - a potion of cancellation {unknown}
 f - a potion of heal wounds {unknown}
 g - 2 potions of flight {unknown}
 j - a potion of brilliance {unknown}


   Skills:
 - Level 2.4 Fighting
 + Level 5.1 Axes
 - Level 2.0 Throwing
 - Level 3.2 Dodging


You had 2 spell levels left.
You didn't know any spells.
Your spell library was empty.

Dungeon Overview and Level Annotations

Branches:
Dungeon (2/15)

Altars:


Innate Abilities, Weirdness & Mutations

You reflexively headbutt those who attack you in melee.
You have a pair of horns on your head.


Message History

The gnoll barely misses you. You furiously retaliate!
You headbutt the gnoll. The gnoll barely misses you.
The gnoll hits you from afar with a +6 spear.
You hit the gnoll. Your headbutt misses the gnoll.
The gnoll is lightly wounded.
The gnoll completely misses you.
The gnoll hits you from afar with a +6 spear!
* * * LOW HITPOINT WARNING * * *
The gnoll hits you from afar with a +0 spear.
* * * LOW HITPOINT WARNING * * *
The gnoll hits you with a +0 spear.
* * * LOW HITPOINT WARNING * * *
The gnoll hits you but does no damage. The gnoll closely misses you.
You are too injured to fight recklessly!
You are too injured to fight recklessly!
You are too injured to fight recklessly!
You slash the gnoll!
The gnoll is severely wounded.
The gnoll hits you with a +0 spear.
You die... ... #.###.# #.#.#.# ###.#.#.###.# ........ ..# ggg

... ...
#g###.###.#
#@#.#..)#.#
#.###.#.#.###.#
#.............#
#########.....#
#####.#
###########.#####
#......<........#
#[#######...###>#
#...#


You could see 4 gnolls.

Vanquished Creatures
  2 adders (D:2)
  3 bats
  2 hobgoblins (D:1)
  3 jackals (D:1)
  2 kobolds (D:1)
12 creatures vanquished.

Notes
Turn   | Place    | Note
-------+----------+-------------------------------------------
     0 | D:1      | pkoi the Minotaur Gladiator began the quest for the Orb.
     0 | D:1      | Reached XP level 1. HP: 18/18 MP: 0/0
    36 | D:1      | Reached skill level 4 in Axes
   472 | D:1      | Reached XP level 2. HP: 19/25 MP: 1/1
  1056 | D:2      | Reached skill level 5 in Axes
  1056 | D:2      | Reached XP level 3. HP: 30/30 MP: 2/2
  1075 | D:2      | Slain by a gnoll

Illustrated notes

Levels and vault maps discovered:
D:1:      dpeg_chamrin_arrival_tetris, layout_loops_ring, serial_rivers,
          chequers_serial_rivers_micro_a, chequers_serial_rivers_micro_c,
          chequers_serial_rivers_micro_e, chequers_serial_rivers_small_a,
          chequers_serial_rivers_marsh, chequers_serial_rivers_micro_a
D:2:      layout_loops_cross, chequers_ecumenical_altar_simple,
          minmay_misc_feat_nine_boxes, minivault_11,
          nicolae_ru_great_annihilating_truth, uniq_robin

Skill      XL: |  1  2 |
---------------+-------+-----
Axes           | 4 5 |  5.1
Fighting       | |  2.4
Throwing       | |  2.0
Dodging        | |  3.2

Action                   || total
-------------------------++-------
Melee: War axe           ||    26
       Headbutt          ||     3
Armor: Leather armour    ||    13
Dodge: Dodged            ||    28
